 Dungeon Crawl Stone Soup version 0.18.1-48-g4cf74bf (webtiles) character file.

587 Rhoefr the Cudgeler (level 7, -5/61 HPs)
             Began as a Deep Dwarf Fighter on Aug 14, 2016.
             Killed by divine providence
             ... invoked by an orc priest
              (8 damage)
             ... on level 5 of the Dungeon.
             The game lasted 00:18:23 (3335 turns).

Rhoefr the Cudgeler (Deep Dwarf Fighter)            Turns: 3335, Time: 00:18:23

Health: -5/61      AC:  6    Str: 19    XL:     7   Next: 15%
Magic:  7/7        EV: 11    Int:  9    God:
Gold:   245        SH: 15    Dex: 14    Spells: 0 memorised, 6 levels left

rFire  . . .     SeeInvis .     b - +2 mace (holy)
rCold  . . .     Gourm    .     q - +0 scale mail
rNeg   . . .     Faith    .     c - +0 shield
rPois  .         Spirit   .     (no helmet)
rElec  .         Dismiss  .     (no cloak)
rCorr  .         Reflect  +     (no gloves)
SustAt .         Harm     .     (no boots)
MR     +....     Rnd*Rage +     G - +6 amulet of reflection
Stlth  ..........               (no ring)
                                x - +4 ring of evasion

@: non-regenerating, somewhat resistant to hostile enchantments, extremely
unstealthy
A: damage resistance, recharge devices, berserk 1, sense surroundings 1, slow
regeneration 3, wild magic 1
a: Device Recharging


You were on level 5 of the Dungeon.
You were very full.

You visited 1 branch of the dungeon, and saw 6 of its levels.

You collected 245 gold pieces.

Inventory:

Hand Weapons
 a - a +0 flail
 b - a +2 mace of holy wrath (weapon)
Armour
 c - a +0 shield (worn)
 i - a +0 leather armour of poison resistance
 q - a +0 scale mail (worn)
Jewellery
 o - an uncursed amulet of the gourmand
 s - an uncursed amulet of faith
 x - a +4 ring of evasion (left hand)
 G - a +6 amulet of reflection (around neck)
Wands
 e - a wand of heal wounds (1/9)
 y - a wand of lightning (7/15)
 B - a wand of teleportation (3/9)
Scrolls
 g - a scroll of teleportation {unknown}
 l - a scroll of enchant weapon
 n - 2 scrolls of remove curse
 r - a scroll of recharging
 v - a scroll of magic mapping {unknown}
 D - a scroll of amnesia
Potions
 d - a potion of might
 h - a potion of flight
 j - a potion of heal wounds
 k - a potion of magic
 t - a potion of lignification
 u - 2 potions of agility
 z - a potion of cure mutation
 C - a potion of cancellation {unknown}
 F - a potion of brilliance {unknown}
Books
 A - Jessica's Tome of the Voyage
   (You found it on level 3 of the Dungeon)

   Spells                             Type                      Level
   a - Shroud of Golubria             Charms/Translocation         2
Comestibles
 f - 5 bread rations
 m - 2 beef jerkies
 w - a slice of pizza
 E - 2 meat rations


   Skills:
 - Level 2.7 Fighting
 + Level 7.9 Maces & Flails
 - Level 3.2 Armour
 - Level 3.3 Shields


You had 6 spell levels left.
You didn't know any spells.

Dungeon Overview and Level Annotations

Branches:
Dungeon (6/15)
 Temple: D:4-7

Altars:
Cheibriados
Fedhas
Nemelex Xobeh
Sif Muna
Trog
Xom
Zin

Annotations:
D:4 loom's ghost, novice DECj


Innate Abilities, Weirdness & Mutations

You are resistant to damage.
You can recharge devices by infusing magical energy.
You passively map a small area around you.
You do not regenerate naturally.
You tend to lose your temper in combat.
Your spells are a little harder to cast, but a little more powerful.


Message History

There is an open door here.
The orc priest invokes the aid of Beogh against you.
Beogh smites you!
* * * LOW HITPOINT WARNING * * *
The orc wizard gestures wildly while chanting.
The orc wizard seems to speed up.
You block the orc wizard's attack.
The orc wizard gestures wildly while chanting.
The orc wizard blinks!
The orc wizard hits you but does no damage.
The orc wizard casts a spell at you. The puff of flame hits you!
The orc wizard points at you and mumbles some strange words.
The puff of flame hits you!
* * * LOW HITPOINT WARNING * * *
The orc wizard casts a spell at you. You resist with almost no effort.
The orc priest invokes the aid of Beogh against you.
Beogh smites you!
You die...

, ,,#,###......#.# , , ,
#......(..#.## *
#.###...#.#.# * *
#...........# * , ,
##+###..........##
##...##...........# *,*
##.....####...####.# ,* *
##......{###....## .# ,
o####.........##@....##.#
, *
....'.......oooo.........
, ,
.####.........####...##.#
##.......## #...# #
##.....## #.#.# ##...##
#..... * ##+## ##.### * ,
, *


You could see an orc priest, 2 orc wizards and an orc.

Vanquished Creatures
  A black bear (D:6)
  Blork the orc (D:4)
  2 howler monkeys
  2 centaur zombies (D:6)
  A giant frog zombie (D:5)
  3 orc wizards
  Jessica (D:3)
  A worker ant (D:6)
  A hound zombie (D:5)
  3 adders
  An ooze (D:1)
  3 giant geckos
  7 orcs
  6 bats
  3 giant cockroaches
  11 goblins
  5 hobgoblins
  9 jackals
  4 kobolds
  A quokka (D:3)
  A ball python (D:3)
  3 giant newts
  A quokka skeleton (D:4)
  10 rats
81 creatures vanquished.

Notes
Turn   | Place    | Note
--------------------------------------------------------------
     0 | D:1      | Rhoefr the Deep Dwarf Fighter began the quest for the Orb.
     0 | D:1      | Reached XP level 1. HP: 20/20 MP: 1/1
   245 | D:1      | Reached XP level 2. HP: 21/27 MP: 2/2
   375 | D:1      | Reached skill level 3 in Maces & Flails
   530 | D:1      | Reached XP level 3. HP: 20/33 MP: 3/3
  1241 | D:2      | Reached skill level 4 in Maces & Flails
  1444 | D:2      | Reached XP level 4. HP: 24/40 MP: 4/4
  1629 | D:3      | Found a blossoming altar of Fedhas.
  1816 | D:3      | Reached skill level 5 in Maces & Flails
  1891 | D:3      | Found a deep blue altar of Sif Muna.
  2149 | D:3      | Noticed Jessica
  2160 | D:3      | Killed Jessica
  2160 | D:3      | Reached XP level 5. HP: 37/46 MP: 5/5
  2177 | D:3      | Identified Jessica's Tome of the Voyage
  2388 | D:4      | Noticed loom's ghost (novice DECj)
  2446 | D:4      | Found a glowing silver altar of Zin.
  2446 | D:4      | Noticed an angel
  2448 | D:4      | Found a shimmering altar of Xom.
  2535 | D:4      | Noticed Blork the orc
  2568 | D:4      | Killed Blork the orc
  2568 | D:4      | Reached skill level 6 in Maces & Flails
  2632 | D:4      | Found a sparkling altar of Nemelex Xobeh.
  2732 | D:4      | Reached XP level 6. HP: 25/55 MP: 6/6
  2779 | D:4      | Found a bloodstained altar of Trog.
  2882 | D:4      | Found a snail-covered altar of Cheibriados.
  3125 | D:4      | You fall through a shaft for 2 floors!
  3159 | D:6      | Reached skill level 7 in Maces & Flails
  3241 | D:6      | Reached XP level 7. HP: 39/61 MP: 7/7
  3249 | D:5      | Entered Level 5 of the Dungeon
  3324 | D:5      | Gained mutation: Your spells are a little harder to cast, but a little more powerful. [potion of mutation]
  3324 | D:5      | Gained mutation: You tend to lose your temper in combat. [potion of mutation]
  3333 | D:5      | HP: 3/61 [orc wizard/puff of flame (5)]
  3335 | D:5      | Killed from afar by an orc priest

Skill      XL: |  1  2  3  4  5  6 |
---------------+-------------------+-----
Maces & Flails | 3 4 5 6 7 |  7.9
Fighting       | |  2.7
Armour         | |  3.2
Shields        | |  3.3

Action                   |  1- 3 |  4- 6 |  7- 9 || total
-------------------------+-------+-------+-------++-------
Melee: Flail             |   177 |    42 |       ||   219
       Mace              |       |    94 |    12 ||   106
Evoke: Wand              |     1 |     4 |     1 ||     6
  Use: Scroll            |     3 |     9 |       ||    12
       Potion            |       |     1 |     3 ||     4
  Eat: Chunk             |    15 |     6 |       ||    21
Armor: Leather armour    |    60 |    16 |       ||    76
       Scale mail        |     2 |    33 |     2 ||    37
Dodge: Dodged            |    57 |    37 |     4 ||    98
Block: Shield            |    77 |    62 |     9 ||   148
